 Dungeon Crawl Stone Soup version 0.22-a0-388-g09e6169 (webtiles) character file.

114 Mgcat the Insei (level 4, -3/28 HPs)
             Began as an Octopode Transmuter on Apr 29, 2018.
             Slain by an adder (5 damage)
             ... on level 3 of the Dungeon.
             The game lasted 00:04:35 (2242 turns).

Mgcat the Insei (Octopode Transmuter)               Turns: 2242, Time: 00:04:36

Health: -3/28      AC:  1    Str:  9    XL:     4   Next: 97%
Magic:  6/7        EV: 13    Int: 16    God:
Gold:   80         SH:  0    Dex: 12    Spells: 1/7 levels left

rFire    . . .     SeeInvis .     - Unarmed
rCold    . . .     Gourm    .   (no shield)
rNeg     . . .     Faith    .   (helmet restricted)
rPois    .         Spirit   .   (no amulet)
rElec    .         Reflect  .   (no ring)
rCorr    .         Harm     .   (no ring)
MR       .....                  (no ring)
Stlth    ++........             (no ring)
HPRegen  0.09/turn              (no ring)
MPRegen  0.10/turn              (no ring)
                                (no ring)
                                (no ring)

@: lethally poisoned (-3 -> -9), appendage
A: almost no armour, stealthy swim, amphibious, 8 rings, constrict 8, tentacle
spike 3, camouflage 1, gelatinous body 1
a: End Transformation


You were on level 3 of the Dungeon.
You were not hungry.
One of your tentacles had a temporary spike.
You visited 1 branch of the dungeon, and saw 3 of its levels.

You collected 80 gold pieces.

Inventory:

Hand Weapons
 b - a +0 dagger
   (You took it off a kobold on level 1 of the Dungeon)
Missiles
 a - 69 arrows
Scrolls
 d - 2 scrolls of identify {unknown}
 e - 2 scrolls of remove curse {unknown}
 g - 3 scrolls of fear {unknown}
 h - a scroll of blinking {unknown}
 j - a scroll of noise {unknown}
 k - a scroll of teleportation {unknown}
Potions
 f - 2 potions of brilliance {unknown}
Comestibles
 c - 3 rations
 i - a chunk of flesh {@w0}


   Skills:
 - Level 1.0 Fighting
 - Level 2.0 Dodging
 + Level 4.3 Unarmed Combat
 - Level 2.0 Spellcasting
 + Level 3.6 Transmutations
 + Level 0.6 Poison Magic


You had one spell level left.
You knew the following spells:

 Your Spells              Type           Power        Failure   Level  Hunger
a - Beastly Appendage     Tmut           ##....       4%          1    #......
b - Sticks to Snakes      Tmut           ##......     7%          2    ###....
c - Spider Form           Tmut/Pois      #.........   26%         3    ###....


Dungeon Overview and Level Annotations

Branches:
Dungeon (3/15)

Altars:
Nemelex Xobeh


Innate Abilities, Weirdness & Mutations

You cannot wear most types of armour.
You are very stealthy in the water. (Stealth+)
You are amphibious.
You can wear up to eight rings at the same time.
You can use your tentacles to constrict eight enemies at once.
Your skin changes colour to match your surroundings (Stealth+).
Your rubbery body absorbs attacks. (AC +1, EV +1)
One of your tentacles bears a large vicious spike.


Message History

Your squeeze misses the bat. The bat misses you. The bat hits you.
You tentacle-slap the bat. Your grab misses the bat.
The bat is severely wounded.
The bat hits you but does no damage.
You barely miss the bat. You grab the bat.
The bat is severely wounded.
You constrict the bat.
You kill the bat!
No target in view!
No target in view!
No target in view!
No target in view!
You butcher the bat corpse.
i - a chunk of flesh {@w0} Your transformation is almost over.
k - a scroll labeled JUIBEE TATHRECH Your tentacle spike disappears.
f - 2 murky green potions (gained 1) HP restored.
A jackal comes into view.
The jackal barks!
You hear a bark!
Casting: Beastly Appendage (safe; 4% risk of failure)
Confirm with . or Enter, or press ? or * to list all spells.
One of your tentacles grows a vicious spike.
A jackal comes into view.
You closely miss the jackal. Your grab misses the jackal.
You pierce the jackal.
The jackal is moderately wounded.
The jackal bites you. The jackal closely misses you.
You barely miss the jackal. Your grab misses the jackal.
You pierce the jackal.
The jackal is severely wounded.
The jackal completely misses you.
You tentacle-slap the jackal but do no damage.
Your grab misses the jackal.
Your tentacle spike misses the jackal.
The jackal is severely wounded.
The jackal bites you.
An adder comes into view.
The adder hisses angrily.
You tentacle-slap the jackal.
You kill the jackal!
The jackal bites you.
You bludgeon the jackal!
You kill the jackal!
A jackal comes into view.
Things that are here:
a jackal corpse x2
The adder bites you.
You are poisoned.
The adder poisons you!
A jackal comes into view.
You are too injured to fight recklessly!
You are too injured to fight recklessly!
You are too injured to fight recklessly!
The jackal barks! x2
You tentacle-slap the adder. Your grab misses the adder.
Your squeeze misses the adder.
The adder is moderately wounded.
You feel sick. The adder bites you.
You are more poisoned.
The adder poisons you!
You closely miss the adder. Your grab misses the adder.
Your tentacle spike misses the adder.
The adder is moderately wounded.
Your transformation is almost over.
You feel sick. The adder bites you.
You closely miss the adder. Your grab misses the adder.
You tentacle-slap the adder, but do no damage.
The adder is moderately wounded.
You feel sick. The adder barely misses you. The adder completely misses you.
You barely miss the adder. Your grab misses the adder.
The adder is moderately wounded.
The adder closely misses you.
A goblin comes into view. It is wielding a club.
You barely miss the adder.
The goblin shouts!
Your grab misses the adder.
Your tentacle spike misses the adder.
The adder is moderately wounded.
You feel sick. The adder closely misses you.
You tentacle-slap the adder but do no damage.
Your grab misses the adder.
The adder is moderately wounded.
You feel sick. The adder completely misses you.
Casting: Beastly Appendage (safe; 4% risk of failure)
Confirm with . or Enter, or press ? or * to list all spells.
You extend your transformation's duration.
The adder bites you.
You feel sick. The adder bites you.
* * * LOW HITPOINT WARNING * * *
The adder completely misses you.
You tentacle-slap the adder. Your grab misses the adder.
Your tentacle spike misses the adder.
The adder is heavily wounded.
The adder bites you.
* * * LOW HITPOINT WARNING * * *
A hobgoblin comes into view.
You closely miss the adder. Your grab misses the adder.
The adder is heavily wounded.
* * * LOW HITPOINT WARNING * * *
You feel sick. The adder bites you.
You die...

#.# #.# #.# #.#
#.#####.#
#.##....#
#######.#.#.#####
#..<.....###....#
#.#####.#.#.###.#
# #.##.## #†#
#.##.# #@# #(##.#
#S# #.##.# #h#
#.##.# #h# #.##.#
.g. #.# ..# #.#
.g# #.# ...# ..#


You could see an adder, 2 jackals, a hobgoblin and a goblin.

Vanquished Creatures
  A hound (D:2)
  3 adders
  2 worms (D:2)
  A dart slug (D:1)
  4 leopard geckos
  A giant cockroach (D:1)
  8 goblins
  9 jackals
  4 bats
  2 frilled lizards (D:2)
  7 kobolds
  3 rats
45 creatures vanquished.

Notes
Turn   | Place    | Note
-------+----------+-------------------------------------------
     0 | D:1      | Mgcat the Octopode Transmuter began the quest for the Orb.
     0 | D:1      | Reached XP level 1. HP: 13/13 MP: 3/3
    51 | D:1      | Reached XP level 2. HP: 12/18 MP: 5/5
   440 | D:1      | Reached XP level 3. HP: 12/23 MP: 4/6
  1042 | D:1      | Reached skill level 3 in Transmutations
  1403 | D:2      | Reached skill level 4 in Unarmed Combat
  1403 | D:2      | Reached XP level 4. HP: 11/28 MP: 7/7
  1677 | D:2      | Learned a level 2 spell: Sticks to Snakes
  1681 | D:2      | Learned a level 3 spell: Spider Form
  1803 | D:2      | Found a sparkling altar of Nemelex Xobeh.
  2240 | D:3      | HP: 5/28 [adder (3)]
  2242 | D:3      | HP: 2/28 [poisoned by an adder]
  2242 | D:3      | Slain by an adder

Vault maps used:
D:1:      tarquinn_simple_flora_water_e
D:2:      grunt_ministairs_14, nemelex_lonely_heart_becter
D:3:      gammafunk_temple_overflow_statue, first_ration

Skill      XL: |  1  2  3 |
---------------+----------+-----
Transmutations | 3 |  3.6
Unarmed Combat | 4 |  4.3
Fighting       | |  1.0
Dodging        | |  2.0
Spellcasting   | |  2.0
Poison Magic   | |  0.6

Action                   |  1- 3 |  4- 6 || total
-------------------------+-------+-------++-------
Melee: Unarmed           |    83 |    34 ||   117
       Constrict         |    18 |     9 ||    27
       Kick              |    13 |     8 ||    21
       Tentacles         |    12 |     2 ||    14
       Punch             |     1 |     2 ||     3
 Cast: Beastly Appendage |    22 |    11 ||    33
 Stab: Sleeping          |     1 |     1 ||     2
  Eat: Chunk             |     2 |     3 ||     5
Armor: Skin              |     4 |     6 ||    10
Dodge: Dodged            |    56 |    17 ||    73

Table legend:
 A = Spawn XP
 B = Non-spawn XP
 C = Spawn XP percentage of total XP
 D = Spawn monster count
 E = Non-spawn monster count
 F = Spawn count percentage of total count
 G = Total turns spent on level
                    A         B        C        D         E        F      G
               +---------+---------+-------+---------+---------+-------+---------
         Total |       0 |     163 |   0.0 |       0 |      45 |   0.0 |  2242
               +---------+---------+-------+---------+---------+-------+---------
           D:1 |       0 |      55 |   0.0 |       0 |      24 |   0.0 |  1204
           D:2 |       0 |     102 |   0.0 |       0 |      18 |   0.0 |   978
           D:3 |       0 |       6 |   0.0 |       0 |       3 |   0.0 |    60
               +---------+---------+-------+---------+---------+-------+---------

Vault maps used:
D:1:      tarquinn_simple_flora_water_e
D:2:      grunt_ministairs_14, nemelex_lonely_heart_becter
D:3:      gammafunk_temple_overflow_statue, first_ration

Table legend:
 A = Turns spent in this place as a percentage of turns spent in the entire game.
 B = Non-inter-level travel turns spent in this place as a percentage of non-inter-level travel turns spent in the entire game.
 C = Inter-level travel turns spent in this place as a percentage of turns spent in this place.
 D = Turns resting spent in this place as a percentage of non-inter-level travel turns spent in this place.
 E = Turns spent auto-exploring this place as a percentage of non-inter-level travel turns spent in this place.
 F = Non-inter-level travel turns spent in this place divided by the number of levels of this place that you've seen.
                   A       B       C       D       E      F
               +-------+-------+-------+-------+-------+----------------------
         Total | 100.0 | 100.0 |   2.4 |   0.0 |  84.4 | 729.7
       Dungeon | 100.0 | 100.0 |   2.4 |   0.0 |  84.4 | 729.7
               +-------+-------+-------+-------+-------+----------------------

Table legend:
 A = Kills in this place as a percentage of kills in entire the game.
 B = Kills by you in this place as a percentage of kills by you in the entire game.
 C = Kills by friends in this place as a percentage of kills by friends in the entire game.
 D = Other kills in this place as a percentage of other kills in the entire game.
 E = Experience gained in this place as a percentage of experience gained in the entire game.
 F = Experience gained in this place divided by the number of levels of this place that you have seen.
                   A       B       C       D       E      F
               +-------+-------+-------+-------+-------+----------------------
         Total | 100.0 | 100.0 |   N/A |   N/A | 100.0 |  54.3
       Dungeon | 100.0 | 100.0 |   N/A |   N/A | 100.0 |  54.3
               +-------+-------+-------+-------+-------+----------------------
